 Dungeon Crawl Stone Soup version 0.21.1-1-g345015fe64 (webtiles) character file.

4407 Kisielow the Carver (level 10, -8/90 HPs)
             Began as a Minotaur Fighter on Mar 17, 2018.
             Was a Priest of Okawaru.
             Mangled by an orc warrior
             ... wielding a +0 scimitar
              (9 damage)
             ... on level 9 of the Dungeon.
             The game lasted 00:17:30 (8637 turns).

Kisielow the Carver (Minotaur Fighter)              Turns: 8637, Time: 00:17:31

Health: -8/90      AC: 10    Str: 24    XL:     10   Next: 14%
Magic:  0/3        EV:  8    Int:  5    God:    Okawaru [***...]
Gold:   539        SH: 11    Dex: 10    Spells: 9/9 levels left

rFire    + . .     SeeInvis .   H - +0 long sword (antimagic) (curse)
rCold    x . .     Gourm    .   c - +0 shield
rNeg     . . .     Faith    .   j - +0 scale mail
rPois    .         Spirit   +   (helmet restricted)
rElec    .         Reflect  .   z - scarf {Spirit}
rCorr    +         Harm     .   (no gloves)
MR       .....                  u - +1 pair of boots
Stlth    ..........             k - amulet of rage
HPRegen  0.25/turn              l - ring of fire
MPRegen  0.08/turn              y - ring of resist corrosion

@: hasted, drained, very quick
A: retaliatory headbutt, horns 2
a: Heroism, Renounce Religion, Evoke Berserk Rage


You were on level 9 of the Dungeon.
You worshipped Okawaru.
Okawaru was most pleased with you.
You were not hungry.

You visited 2 branches of the dungeon, and saw 10 of its levels.

You collected 539 gold pieces.

Inventory:

Hand Weapons
 a - a +1 long sword
 w - a +0 scimitar
 H - a cursed +0 antimagic long sword (weapon)
Armour
 c - a +0 shield (worn)
 e - the +1 leather armour of Efio {+Fly rC- Dex+3}
   (You found it on level 4 of the Dungeon)

   It affects your dexterity (+3).
   It makes you vulnerable to cold.
   It lets you fly.
 j - a +0 scale mail (worn)
 u - a +1 pair of boots (worn)
 z - a scarf of spirit shield (worn)
 D - the cursed +0 robe of the Known World {Str-4 Dex+2 Slay+2}
   (You found it on level 8 of the Dungeon)

   It affects your strength (-4).
   It affects your dexterity (+2).
   It affects your accuracy and damage with ranged weapons and melee attacks
   (+2).
   It has a curse placed upon it.
Jewellery
 b - an uncursed amulet of guardian spirit
 k - an amulet of rage (around neck)
 l - a ring of fire (left hand)
 p - an uncursed ring of teleportation
 y - a ring of resist corrosion (right hand)
Wands
 x - a wand of random effects (59)
 C - a wand of iceblast (9)
 G - a wand of scattershot (5)
Scrolls
 o - a scroll of fear
 q - 2 scrolls of identify
 s - 4 scrolls of teleportation
 t - 2 scrolls of remove curse
 v - 3 scrolls of enchant weapon
 A - a scroll of blinking
Potions
 d - a potion of curing
 g - a potion of cancellation
 h - 2 potions of magic
 i - a potion of lignification
 n - 2 potions of agility
 r - 2 potions of invisibility
 E - a potion of resistance
Comestibles
 f - 12 rations
 F - 3 chunks of flesh


   Skills:
 + Level 8.7(8.5) Fighting
 * Level 11.3(11.1) Long Blades
 + Level 8.8(8.6) Armour
 + Level 8.7(8.5) Shields


You had 9 spell levels left.
You didn't know any spells.

Dungeon Overview and Level Annotations

Branches:
Dungeon (9/15)             Temple (1/1) D:4
   Lair: D:8-11         Orc: D:9-12

Altars:
Ashenzari
Cheibriados
Dithmenos
Elyvilon
Gozag
Kikubaaqudgha
Makhleb
Nemelex Xobeh
Okawaru
Qazlal
Sif Muna
Trog
Uskayaw
Vehumet
Wu Jian
Xom
Yredelemnul
Zin
The Shining One

Shops:
D:7 !

Annotations:
D:8 Gastronok


Innate Abilities, Weirdness & Mutations

You reflexively headbutt those who attack you in melee.
You have a pair of horns on your head.


Message History

The centaur shoots an arrow.
You block the arrow.
You slash something! Your headbutt misses something. Something hits you!
* * * LOW HITPOINT WARNING * * *
You closely miss something. Something hits you but does no damage.
Something hits you but does no damage.
Things that are here:
an enchanted war axe; a leather armour; an orc corpse You closely miss the orc warrior.
You headbutt the orc warrior, but do no damage.
You block something's attack.
You hit the orc warrior but do no damage.
Your headbutt misses the orc warrior. Something hits you.
* * * LOW HITPOINT WARNING * * *
You block the orc warrior's attack.
You hit the orc warrior but do no damage.
Something hits you but does no damage. Something hits you!
* * * LOW HITPOINT WARNING * * *
You barely miss the orc warrior.
The orc warrior hits you with a scimitar!
You die...

#......#.......#
#......#.......#
#..............# ###+##
#.....8.8..############....###
#.).8.....8(...#...#..#.......
#..............#...#..#.......
#....##'##..o..#...#..#.......
##..##._.##.o#+#..###'#....#..
#....#####..#@.#......'....#..
#...........#(.#......#....#..
#.........###.######..########
########..#........#......#...
#..#........#......#...
#..#........#......#...
##.##############'#####
+..#...)...#.......#
#..#.....(.#.......#


You could see an orc warrior and an orc.

Vanquished Creatures
  The ghost of Slothtographer the Fighter, a novice TeHu of Ru (D:8)
  The ghost of KleinerIrrer the Shield-Bearer, a novice FoFi of the Shining One (D:4)
  Grinder (D:4)
  A hungry ghost (D:8)
  2 sky beasts
  An orc warrior (D:8)
  5 ice beasts
  A phantom (D:7)
  A necrophage (D:7)
  2 ogres
  2 centaurs
  2 bullfrogs
  6 scorpions
  8 wights
  2 howler monkeys
  A bullfrog zombie (D:8)
  2 crimson imps
  2 hounds
  9 orc priests
  3 bullfrog skeletons
  2 jellies
  2 iguanas
  4 orc wizards
  2 worker ants (D:5)
  A killer bee zombie (D:8)
  A mummy (D:7)
  A worker ant zombie (D:5)
  14 adders
  6 gnolls (D:6)
  An adder skeleton (D:5)
  An adder zombie (D:7)
  2 worms
  A dart slug (D:5)
  10 leopard geckos
  37 orcs
  3 ball pythons
  3 giant cockroaches
  3 goblins
  6 hobgoblins
  16 jackals
  4 quokkas
  8 bats
  2 frilled lizards
  A jackal skeleton (D:7)
  5 kobolds
  A leopard gecko zombie (D:8)
  A quokka skeleton (D:6)
  2 quokka zombies (D:5)
  5 rats
198 creatures vanquished.

Notes
Turn   | Place    | Note
-------+----------+-------------------------------------------
     0 | D:1      | Kisielow the Minotaur Fighter began the quest for the Orb.
     0 | D:1      | Reached XP level 1. HP: 19/19 MP: 0/0
   226 | D:1      | Found a sparkling altar of Nemelex Xobeh.
   241 | D:1      | Reached XP level 2. HP: 27/27 MP: 1/1
   395 | D:1      | Reached skill level 3 in Long Blades
   647 | D:2      | Reached XP level 3. HP: 33/33 MP: 2/2
  1436 | D:3      | Reached XP level 4. HP: 40/40 MP: 3/3
  1542 | D:3      | Reached skill level 4 in Long Blades
  1823 | D:3      | Found a basalt altar of Yredelemnul.
  2045 | D:4      | Noticed Grinder
  2050 | D:4      | Reached XP level 5. HP: 42/47 MP: 4/4
  2058 | D:4      | Killed Grinder
  2058 | D:4      | Reached skill level 5 in Long Blades
  2058 | D:4      | Reached skill level 5 in Armour
  2058 | D:4      | Reached skill level 5 in Shields
  2058 | D:4      | Reached XP level 6. HP: 31/55 MP: 5/5
  2387 | D:4      | Found a staircase to the Ecumenical Temple.
  2406 | Temple   | Entered the Ecumenical Temple
  2505 | Temple   | Became a worshipper of Warmaster Okawaru
  2587 | D:4      | Reached skill level 5 in Fighting
  2599 | D:4      | Noticed KleinerIrrer's ghost (novice FoFi)
  2616 | D:4      | Killed KleinerIrrer's ghost
  2616 | D:4      | Reached * piety under Okawaru
  2616 | D:4      | Reached skill level 6 in Long Blades
  2616 | D:4      | Reached XP level 7. HP: 30/61 MP: 6/6
  3174 | D:4      | Got a steaming leather armour
  3193 | D:4      | Identified the +1 leather armour of Efio {+Fly rC- Dex+3} (You found it on level 4 of the Dungeon)
  3305 | D:5      | Entered Level 5 of the Dungeon
  3448 | D:5      | Reached skill level 7 in Long Blades
  3819 | D:5      | Reached XP level 8. HP: 36/70 MP: 7/7
  4169 | D:5      | Reached ** piety under Okawaru
  4583 | D:6      | Reached skill level 8 in Long Blades
  4720 | D:6      | Found an opulent altar of Gozag.
  5778 | D:7      | Found an ancient bone altar of Kikubaaqudgha.
  5851 | D:7      | Found Fyalim's Distillery.
  5862 | D:7      | Reached skill level 9 in Long Blades
  6127 | D:7      | Reached XP level 9. HP: 67/78 MP: 8/8
  6171 | D:7      | Reached *** piety under Okawaru
  6856 | D:8      | Noticed Slothtographer's ghost (novice TeHu)
  6857 | D:8      | Noticed Gastronok
  6893 | D:8      | Killed Slothtographer's ghost
  6893 | D:8      | Received a gift from Okawaru
  6893 | D:8      | Reached skill level 10 in Long Blades
  7495 | D:8      | Got a bloodstained robe
  7497 | D:8      | Identified the cursed +0 robe of the Known World {Str-4 Dex+2 Slay+2} (You found it on level 8 of the Dungeon)
  8067 | D:8      | Reached skill level 11 in Long Blades
  8276 | D:8      | Reached XP level 10. HP: 89/89 MP: 9/9
  8329 | D:9      | Found a glowing golden altar of the Shining One.
  8566 | D:9      | Found a glowing silver altar of Zin.
  8636 | D:9      | HP: 1/90 [something (6)]
  8637 | D:9      | Mangled by an orc warrior

Skill      XL: |  1  2  3  4  5  6  7  8  9 |
---------------+----------------------------+-----
Long Blades    | 3 4 5 6 7 9 11 | 11.3
Shields        | 4 5 6 7 8 |  8.7
Armour         | 4 5 6 7 8 |  8.8
Fighting       | 4 5 6 7 8 |  8.7

Action                   |  1- 3 |  4- 6 |  7- 9 | 10-12 || total
-------------------------+-------+-------+-------+-------++-------
Melee: Long sword        |    88 |    66 |   123 |    36 ||   313
       Headbutt          |    12 |    14 |    86 |    14 ||   126
       Scimitar          |       |       |   269 |    10 ||   279
Invok: Heroism           |       |       |     1 |       ||     1
  Use: Scroll            |     6 |     7 |     7 |       ||    20
       Potion            |       |     4 |     5 |     2 ||    11
 Stab: Invisible         |       |       |     1 |       ||     1
  Eat: Chunk             |     2 |     2 |    14 |     1 ||    19
       Ration            |       |     1 |     1 |       ||     2
Armor: Scale mail        |    37 |    19 |   106 |    27 ||   189
Dodge: Dodged            |    27 |    13 |    91 |    16 ||   147
Block: Shield            |    52 |    33 |   206 |    31 ||   322
       Rpst.: Long sword |     7 |     1 |     7 |     2 ||    17
       Scimitar          |       |       |    13 |       ||    13
